 Dungeon Crawl Stone Soup version 0.20.1-1-g8b1a95d (webtiles) character file.

152 homeworkjunkie the Shield-Bearer (level 5, -12/47 HPs)
             Began as a Hill Orc Fighter on Nov 13, 2017.
             Blown up by Ijyb (22 damage)
             ... with a wand of disintegration (?/24)
             ... on level 3 of the Dungeon.
             The game lasted 00:02:11 (1017 turns).

homeworkjunkie the Shield-Bearer (Hill Orc Fighter) Turns: 1017, Time: 00:02:11

Health: -12/47     AC: 14    Str: 20    XL:     5   Next: 34%
Magic:  5/5        EV:  4    Int:  8    God:
Gold:   78         SH:  9    Dex: 10    Spells: 4/4 levels left

rFire    . . .     SeeInvis .   a - +0 war axe
rCold    . . .     Gourm    .   c - +0 shield
rNeg     . . .     Faith    .   h - +0 plate armour
rPois    .         Spirit   .   d - +0 helmet
rElec    .         Reflect  .   (no cloak)
rCorr    .         Harm     .   l - +0 pair of gloves
MR       .....                  (no boots)
Stlth    ..........             (no amulet)
Regen    0.2/turn               (no ring)
MPRegen  0.1/turn               (no ring)

@: no status effects
A: no striking features
a: no special abilities


You were on level 3 of the Dungeon.
You were not hungry.

You visited 1 branch of the dungeon, and saw 4 of its levels.

You collected 78 gold pieces.

Inventory:

Hand Weapons
 a - a +0 war axe (weapon)
Armour
 c - a +0 shield (worn)
 d - a +0 helmet (worn)
 h - a +0 plate armour (worn)
 l - a +0 pair of gloves (worn)
Scrolls
 b - a scroll of fear
 i - 2 scrolls of remove curse
Potions
 e - a potion of agility {unknown}
 g - 2 potions of curing {unknown}
 j - a potion of brilliance {unknown}
 k - 2 potions of berserk rage
Comestibles
 f - 4 bread rations


   Skills:
 * Level 4.3 Fighting
 * Level 4.1 Axes
 * Level 4.2 Armour
 + Level 0.4 Dodging
 * Level 4.5 Shields


You had 4 spell levels left.
You didn't know any spells.

Dungeon Overview and Level Annotations

Branches:
Dungeon (4/15)
 Temple: D:4-7

Altars:

Annotations:
D:3 Ijyb


Message History

Ijyb is heavily wounded.
Ijyb hits you but does no damage.
Your plate armour prevents you from hitting Ijyb.
Ijyb is heavily wounded.
Ijyb screams, "Level is mine!
All mine!"
Ijyb hits you but does no damage.
You closely miss Ijyb.
Ijyb is heavily wounded.
Ijyb closely misses you.
Ijyb zaps a wand.
You are blasted!
* * * LOW HITPOINT WARNING * * *
You are too injured to fight recklessly!
You are too injured to fight recklessly!
You are too injured to fight recklessly!
Ijyb is nearby!
You are too injured to fight recklessly!
Okay, then.
You hit Ijyb.
Ijyb is severely wounded.
Ijyb zaps a wand.
You are blasted!
You die...

#...##########,,,≈≈*
#....).......#,..≈≈#
#............#,..≈≈#
##'##.....##'##..≈≈#
#...#.....#...#..≈≈#
#...#.....#...#..≈≈#
#.(.#.....#.(.#..≈≈#
##'##.....##'##).≈≈#
#.).#.....#.).@g.≈≈#
#...#.).†.#.....≈≈≈#
#≈≈≈#.....#≈≈≈≈≈≈≈##
#≈≈≈##'''##≈≈≈≈≈≈##
##≈≈≈≈...≈≈≈≈#############
###≈≈...≈≈####..........#
###...######..........#
#...................#
#########...........###


You could see Ijyb.

Vanquished Creatures
  An orc wizard (D:3)
  Natasha (D:2)
  Robin (D:3)
  A gnoll (D:1)
  3 adders
  A worm (D:2)
  A leopard gecko (D:1)
  4 orcs (D:3)
  3 bats
  13 goblins
  6 hobgoblins
  6 jackals
  A frilled lizard (D:3)
  3 kobolds
45 creatures vanquished.

Notes
Turn   | Place    | Note
-------+----------+-------------------------------------------
     0 | D:1      | homeworkjunkie the Hill Orc Fighter began the quest for the Orb.
     0 | D:1      | Reached XP level 1. HP: 19/19 MP: 1/1
    57 | D:1      | Reached XP level 2. HP: 27/27 MP: 2/2
   136 | D:2      | Noticed Natasha
   138 | D:2      | Noticed a crimson imp
   145 | D:2      | Killed Natasha
   145 | D:2      | Reached XP level 3. HP: 22/33 MP: 3/3
   321 | D:3      | Reached XP level 4. HP: 19/40 MP: 4/4
   819 | D:3      | Reached XP level 5. HP: 30/46 MP: 5/5
   914 | D:3      | Noticed Robin
   923 | D:3      | Killed Robin
  1000 | D:3      | Noticed Ijyb
  1017 | D:3      | Blown up by Ijyb

Skill      XL: |  1  2  3  4  5 |
---------------+----------------+-----
Fighting       | 4 |  4.3
Axes           | 3 4 |  4.1
Armour         | 4 |  4.2
Shields        | 4 |  4.5
Dodging        | |  0.4

Action                   |  1- 3 |  4- 6 || total
-------------------------+-------+-------++-------
Melee: War axe           |    59 |    87 ||   146
  Use: Scroll            |     2 |     2 ||     4
       Potion            |       |     2 ||     2
  Eat: Fruit             |       |     3 ||     3
Armor: Scale mail        |     9 |       ||     9
       Plate armour      |    29 |    81 ||   110
Dodge: Dodged            |    10 |    18 ||    28
Block: Shield            |    42 |    61 ||   103
